 Dungeon Crawl Stone Soup version 0.30-a0-627-gc11e7ae810 (webtiles) character file.

Game seed: 9592644004607263402

13 Vildbasse the Trooper (level 2, -1/33 HPs)
             Began as an Ogre Berserker on Jan 12, 2023.
             Was a Follower of Trog.
             Slain by a kobold
             ... wielding a +0 dagger
              (3 damage)
             ... on level 1 of the Dungeon.
             The game lasted 00:04:21 (411 turns).

Vildbasse the Trooper (Ogre Berserker)               Turns: 411, Time: 00:04:22

Health: -1/33      AC:  3    Str: 20    XL:     2   Next: 37%
Magic:  2/2        EV: 10    Int:  8    God:    Trog [*.....]
Gold:   15         SH:  0    Dex:  8    Spells: 1/1 levels left

rFire   . . .      SeeInvis .    a - +0 spear
rCold   . . .      Faith    .    e - orb {mayhem}
rNeg    . . .      Spirit   .    b - +0 animal skin
rPois   .          Reflect  .    (helmet restricted)
rElec   .          Harm     .    (no cloak)
rCorr   .          Rampage  .    (gloves unavailable)
Will    .....                    (boots unavailable)
Stlth   +                        (no amulet)
HPRegen 0.25/turn                (no ring)
MPRegen 0.08/turn                (no ring)

@: no status effects
A: large, unfitting armour, tough skin 1
a: Renounce Religion, Berserk


You were on level 1 of the Dungeon.
You worshipped Trog.
Trog was aware of your devotion.
You visited 1 branch of the dungeon, and saw 1 of its levels.

You collected 15 gold pieces.

Inventory:

Hand Weapons
 a - a +0 spear (weapon)
 c - a +0 club
Armour
 b - a +0 animal skin (worn)
 e - an orb of mayhem (worn)
Scrolls
 f - a scroll of fear


   Skills:
 + Level 4.3 Fighting
 + Level 3.2 Polearms
 + Level 2.9 Dodging


You had one spell level left.
You didn't know any spells.
Your spell library was empty.

Dungeon Overview and Level Annotations

Branches:
Dungeon (1/15)

Altars:


Innate Abilities, Weirdness & Mutations

You are too large for most types of armour.
You have tough skin. (AC +1)


Message History

The goblin is moderately wounded.
The kobold hits you but does no damage. The goblin hits you but does no damage.
You hit the goblin.
You kill the goblin!
Trog accepts your kill.
The kobold flies into a frenzy!
The kobold closely misses you. The kobold hits you with a +0 dagger.
The kobold hits you with a +0 dagger.
Things that are here:
a +0 club; a goblin corpse You hit the kobold.
The kobold is moderately wounded.
The kobold closely misses you. The kobold hits you with a +0 dagger.
You closely miss the kobold.
The kobold is moderately wounded.
The kobold barely misses you.
You miss the kobold.
The kobold is moderately wounded.
The kobold closely misses you. The kobold hits you with a +0 dagger.
Reach: a) +0 spear
Press: ? - help, Dir - move target, f - kobold
Aim: a kobold, wielding a +0 dagger (moderately wounded, fast, strong, frenzied and insane, about 47% to evade your +0 spear)
You barely miss the kobold.
The kobold is moderately wounded.
The kobold hits you with a +0 dagger.
* * * LOW HITPOINT WARNING * * *
You hit the kobold but do no damage.
The kobold is moderately wounded.
The kobold hits you with a +0 dagger.
* * * LOW HITPOINT WARNING * * *
The kobold hits you with a +0 dagger.
* * * LOW HITPOINT WARNING * * *
The kobold completely misses you.
As you read the scroll labelled JITAAK CERUWAN, it crumbles to dust.
It is a scroll of identify.
f - a scroll of fear The kobold barely misses you.
A frilled lizard comes into view.
The kobold hits you with a +0 dagger.
You die...

.#.# #.8.# #....# .#.#
#...# ###.## .#.# .
##### #.# # ##.# ..
#.####.# ##.# ..l
###......# ##.# ....
#.).†....# ##.#
.....########...†....#
##.#
.......K.............#
'..#
.......@.....##.........
####
####.........##.....####
# #.........###....# ##
#.........+ ....... .#
#.........# ###.... .#
#########.# ..# .# #.#
.# # .#


You could see a frilled lizard (wandering) and a neutral kobold (fast, strong,
insane).

Vanquished Creatures
  A dart slug (D:1)
  A ball python (D:1)
  3 bats (D:1)
  2 goblins (D:1)
  3 frilled lizards (D:1)
  A kobold (D:1)
  A rat (D:1)
12 creatures vanquished.

Notes
Turn   | Place    | Note
-------+----------+-------------------------------------------
     0 | D:1      | Vildbasse the Ogre Berserker began the quest for the Orb.
     0 | D:1      | Reached XP level 1. HP: 24/24 MP: 1/1
   172 | D:1      | Reached XP level 2. HP: 32/32 MP: 2/2
   411 | D:1      | Slain by a kobold

Illustrated notes

Levels and vault maps discovered:
D:1:      minmay_arrival_stair_chambers, layout_basic

Action                   || total
-------------------------++-------
Melee: Spear             ||    47
Invok: Berserk           ||     1
  Use: Scroll            ||     1
Armor: Animal skin       ||    15
Dodge: Dodged            ||    32

Table legend: (Time is in decaauts)
 A = Elapsed time spent in this place.
 B = Non-inter-level travel time spent in this place.
 C = Inter-level travel time spent in this place.
 D = Time resting spent in this place.
 E = Time spent auto-exploring this place.
 F = Levels seen in this place.
 G = Mean time per level.
                   A        B        C        D        E       F      G
               +--------+--------+--------+--------+--------+-----+--------+
         Total |    417 |    374 |     43 |      0 |    273 |   1 |  417.0 |
       Dungeon |    417 |    374 |     43 |      0 |    273 |   1 |  417.0 |
               +--------+--------+--------+--------+--------+-----+--------+

Top non-repeatable levels by time:
     D:1: 417 daAuts
